 Dungeon Crawl Stone Soup version 0.29-a0-340-g6efceafd81 (webtiles) character file.

Game seed: 11509173256543414071

3 kevlar127 the Vandal (level 1, -1/20 HPs)
             Began as a Troll Hunter on Apr 19, 2022.
             Slain by a hobgoblin (3 damage)
             ... on level 2 of the Dungeon.
             The game lasted 00:02:34 (360 turns).

kevlar127 the Vandal (Troll Hunter)                  Turns: 360, Time: 00:02:34

Health: -1/20      AC:  4    Str: 18    XL:     1   Next: 41%
Magic:  0/0        EV: 10    Int:  5    God:
Gold:   12         SH:  0    Dex: 13    Spells: 0/0 levels left

rFire   . . .      SeeInvis .   a - +1 hunting sling
rCold   . . .      Faith    .   (no shield)
rNeg    . . .      Spirit   .   b - +0 robe
rPois   .          Reflect  .   (helmet restricted)
rElec   .          Harm     .   (no cloak)
rCorr   .          Rampage  .   (gloves unavailable)
Will    .....                   (boots unavailable)
Stlth   +.........              (no amulet)
HPRegen 0.86/turn               (no ring)
MPRegen 0.07/turn               (no ring)

@: no status effects
A: large, unfitting armour, claws 3, regeneration 1, shaggy fur 1, tough skin 1
a: no special abilities


You were on level 2 of the Dungeon.
You visited 1 branch of the dungeon, and saw 2 of its levels.

You collected 12 gold pieces.

Inventory:

Hand Weapons
 a - a +1 hunting sling (weapon)
Armour
 b - a +0 robe (worn)
Scrolls
 c - a scroll of immolation
 d - a scroll of acquirement {unknown}
 e - 2 scrolls of teleportation {unknown}
Potions
 f - a potion of curing {unknown}


   Skills:
 + Level 1.6 Fighting
 + Level 2.7 Slings
 + Level 1.6 Dodging
 + Level 0.4 Stealth


You couldn't memorise any spells.
You didn't know any spells.
Your spell library was empty.

Dungeon Overview and Level Annotations

Branches:
Dungeon (2/15)

Altars:


Innate Abilities, Weirdness & Mutations

You are too large for most types of armour.
You have claws for hands.
Your natural rate of healing is unusually fast.
You are covered in fur. (AC +1)
You have tough skin. (AC +1)


Message History

The hobgoblin hits you but does no damage.
The giant cockroach bites you.
You climb upwards.
There is a stone staircase leading down here.
The hobgoblin barely misses you. The frilled lizard closely misses you.
The giant cockroach bites you but does no damage.
You climb downwards.
The endoplasm freezes you.
You are frozen.
The endoplasm freezes you.
You are frozen.
There is a stone staircase leading up here.
You barely miss the endoplasm. The giant cockroach bites you.
The hobgoblin hits you. The giant cockroach bites you.
The endoplasm hits you but does no damage.
The hobgoblin hits you.
You clumsily bash the endoplasm but do no damage.
The giant cockroach bites you but does no damage.
The endoplasm closely misses you. The hobgoblin barely misses you.
The giant cockroach bites you.
You barely miss the endoplasm. The endoplasm barely misses you.
The hobgoblin closely misses you.
The giant cockroach bites you but does no damage.
The endoplasm freezes you.
You are frozen.
The hobgoblin closely misses you.
You clumsily bash the endoplasm but do no damage.
The giant cockroach misses you. The giant cockroach bites you.
* * * LOW HITPOINT WARNING * * *
The endoplasm hits you.
* * * LOW HITPOINT WARNING * * *
The hobgoblin hits you but does no damage.
You clumsily bash the endoplasm but do no damage.
The giant cockroach closely misses you. The endoplasm freezes you.
You are frozen.
* * * LOW HITPOINT WARNING * * *
The hobgoblin closely misses you. The giant cockroach closely misses you.
You clumsily bash the endoplasm but do no damage.
The endoplasm closely misses you. The hobgoblin hits you.
You die...

..#
##..#####
........#
........#
........#
........#
......JB#
.....lg@#
#########


You could see an endoplasm, a giant cockroach, a hobgoblin and a frilled lizard.

Vanquished Creatures
  A ball python (D:1)
  A giant cockroach (D:1)
  A rat (D:1)
3 creatures vanquished.

Notes
Turn   | Place    | Note
-------+----------+-------------------------------------------
     0 | D:1      | kevlar127 the Troll Hunter began the quest for the Orb.
     0 | D:1      | Reached XP level 1. HP: 19/19 MP: 0/0
   359 | D:2      | HP: 1/20 [frozen (5)]
   360 | D:2      | Slain by a hobgoblin

Illustrated notes

Levels and vault maps discovered:
D:1:      erik_arrival_cave_to_civilisation [erik_arrival_cave_to_hall],
          layout_basic, serial_shops, nicolae_diamond_shop
D:2:      layout_rooms, amcnicky_mini_rare_corridor_liquid, uniq_robin

Action                   || total
-------------------------++-------
Melee: Hunting sling     ||   115
       Punch             ||     3
 Fire: Hunting sling     ||    21
Armor: Robe              ||    92
Dodge: Dodged            ||   148

Table legend: (Time is in decaauts)
 A = Elapsed time spent in this place.
 B = Non-inter-level travel time spent in this place.
 C = Inter-level travel time spent in this place.
 D = Time resting spent in this place.
 E = Time spent auto-exploring this place.
 F = Levels seen in this place.
 G = Mean time per level.
                   A        B        C        D        E       F      G
               +--------+--------+--------+--------+--------+-----+--------+
         Total |    412 |    412 |      0 |    100 |     14 |   2 |  206.0 |
       Dungeon |    412 |    412 |      0 |    100 |     14 |   2 |  206.0 |
               +--------+--------+--------+--------+--------+-----+--------+

Top non-repeatable levels by time:
     D:1: 394 daAuts
     D:2: 17 daAuts
